 Dungeon Crawl Stone Soup version 0.29-a0-100-g60f898f876 (webtiles) character file.

Game seed: 3122298944127085006

714 dog the Cudgeller (level 7, 0/57 (62) HPs)
             Began as a Minotaur Berserker on Feb 14, 2022.
             Was a Priest of Trog.
             Slain by a wight (7 damage)
             ... on level 4 of the Dungeon.
             The game lasted 00:05:09 (4098 turns).

dog the Cudgeller (Minotaur Berserker)              Turns: 4098, Time: 00:05:09

HP:   0/57 (62)     AC: 13    Str: 24    XL:     7   Next: 41%
MP:   6/6           EV:  9    Int:  4    God:    Trog [***...]
Gold: 256           SH:  0    Dex:  9    Spells: 6/6 levels left

rFire   . . .      SeeInvis .   a - +0 mace
rCold   . . .      Faith    .   (no shield)
rNeg    . . .      Spirit   .   c - +0 chain mail
rPois   .          Reflect  .   (helmet restricted)
rElec   .          Harm     .   h - +1 cloak
rCorr   .          Rampage  .   n - +0 pair of gloves
Will    .....                   i - +0 pair of boots
Stlth   ..........              (no amulet)
HPRegen 0.19/turn               (no ring)
MPRegen 0.10/turn               (no ring)

@: on berserk cooldown, slowed, drained, very slow
A: horns 2, retaliatory headbutt
a: Renounce Religion, Berserk, Trog's Hand


You were on level 4 of the Dungeon.
You worshipped Trog.
Trog was most pleased with you.
You visited 1 branch of the dungeon, and saw 4 of its levels.

You collected 256 gold pieces.

Inventory:

Hand Weapons
 a - a +0 mace (weapon)
Armour
 c - a +0 chain mail (worn)
 h - a +1 cloak (worn)
 i - a +0 pair of boots (worn)
 n - a +0 pair of gloves (worn)
Scrolls
 b - 2 scrolls of identify
 d - a scroll of immolation
 e - a scroll of torment
 g - a scroll of fog {unknown}
 m - a scroll of teleportation {unknown}
 q - a scroll of silence {unknown}
Potions
 f - 3 potions of heal wounds
 j - 6 potions of curing
 k - 4 potions of mutation
 l - a potion of flight {unknown}
 o - a potion of invisibility {unknown}
 p - a potion of might {unknown}


   Skills:
 + Level 5.9 Fighting
 + Level 7.9 Maces & Flails
 + Level 3.3 Armour
 + Level 4.0 Dodging
 + Level 1.4 Stealth


You had 6 spell levels left.
You didn't know any spells.
Your spell library was empty.

Dungeon Overview and Level Annotations

Branches:
Dungeon (4/15)
 Temple: D:4-7

Altars:
Ashenzari
Nemelex Xobeh
Sif Muna
Xom
The Shining One

Annotations:
D:4 2 runed translucent doors


Innate Abilities, Weirdness & Mutations

You have a pair of horns on your head.
You reflexively headbutt those who attack you in melee.


Message History

You hear some strange, mumbled words.
You are confused.
You bump into the rock wall.
You feel a strong urge to attack something.
The goblin hits you but does no damage.
You bump into the rock wall.
You are no longer berserk.
You are exhausted.
You feel yourself slow down. The orc barely misses you.
You miss the orc. You headbutt the orc!
You kill the orc!
Trog accepts your kill. The goblin closely misses you.
The wight hits you with a +4 long sword!
The goblin hits you but does no damage. The wight barely misses you.
You're too confused to move!
The wight hits you with a +4 long sword.
* * * LOW HITPOINT WARNING * * *
You feel drained.
* * * LOW HITPOINT WARNING * * *
The wight hits you but does no damage.
The goblin shoots a stone.
The stone barely misses you.
You hear some strange, mumbled words.
Something tries to affect you, but you resist.
You're too confused to move!
You feel less confused. The goblin barely misses you.
The wight hits you with a +4 long sword!
* * * LOW HITPOINT WARNING * * *
You feel drained.
* * * LOW HITPOINT WARNING * * *
The wight hits you but does no damage. The goblin hits you but does no damage.
The wight barely misses you.
The wight hits you with a +4 long sword.
* * * LOW HITPOINT WARNING * * *
You feel drained.
You hit the wight. You headbutt the wight.
The wight is heavily damaged.
The wight hits you but does no damage. The wight hits you with a +0 battleaxe!
You die...

##### ####...### ######
##.......## ####....#####
..........###...........#
#..⌠.⌠....#.....gz......[
#..._........##.@z†......
#..⌠.⌠....#######zg......
:.........# #)z†......
..........# #.........
..........# .....?....
#.........# #..........
##..####### .?.........
#..## #........... ..##
............


You could see 4 wights and 2 goblins.

Vanquished Creatures
  Menkaure (D:4)
  A sky beast (D:3)
  A black bear (D:4)
  A centaur (D:4)
  A water moccasin skeleton (D:4)
  A hound (D:4)
  A jelly (D:4)
  An orc priest (D:4)
  An iguana (D:4)
  3 hound skeletons
  3 adders (D:2)
  An ufetubus (D:4)
  A worm (D:4)
  2 dart slugs (D:3)
  3 orcs (D:4)
  4 bats
  5 endoplasms
  5 giant cockroaches
  9 goblins
  11 hobgoblins
  4 jackals (D:1)
  10 kobolds
  6 quokkas
  7 ball pythons
  8 frilled lizards
  7 rats
  A spectral goblin (D:1)
99 creatures vanquished.

Notes
Turn   | Place    | Note
-------+----------+-------------------------------------------
     0 | D:1      | dog the Minotaur Berserker began the quest for the Orb.
     0 | D:1      | Reached XP level 1. HP: 19/19 MP: 0/0
   103 | D:1      | Reached XP level 2. HP: 27/27 MP: 1/1
   123 | D:1      | Found a faded altar of an unknown god.
   143 | D:1      | Reached skill level 4 in Maces & Flails
   309 | D:1      | Reached ** piety under Trog
   310 | D:1      | Reached XP level 3. HP: 17/34 MP: 2/2
  1839 | D:2      | Reached XP level 4. HP: 38/41 MP: 3/3
  2470 | D:3      | Reached skill level 5 in Maces & Flails
  2504 | D:3      | Found a broken altar of Ashenzari.
  2647 | D:3      | Noticed a sky beast
  2673 | D:3      | Killed a sky beast
  2674 | D:3      | Reached skill level 5 in Fighting
  2674 | D:3      | Reached XP level 5. HP: 8/48 MP: 4/4
  2931 | D:3      | Found a shimmering altar of Xom.
  3111 | D:3      | Reached *** piety under Trog
  3145 | D:3      | Found a shimmering blue altar of Sif Muna.
  3151 | D:3      | Found a glowing golden altar of the Shining One.
  3329 | D:4      | Reached skill level 6 in Maces & Flails
  3360 | D:4      | Noticed a centaur
  3367 | D:4      | Killed a centaur
  3368 | D:4      | Reached skill level 1 in Stealth
  3368 | D:4      | Reached XP level 6. HP: 43/56 MP: 5/5
  3509 | D:4      | Noticed Menkaure
  3517 | D:4      | Killed Menkaure
  3518 | D:4      | Reached skill level 7 in Maces & Flails
  3850 | D:4      | Reached XP level 7. HP: 58/61 MP: 6/6
  4014 | D:4      | Found a large runed translucent door.
  4014 | D:4      | Found a large runed translucent door.
  4038 | D:4      | Found a sparkling altar of Nemelex Xobeh.
  4098 | D:4      | Slain by a wight

Illustrated notes

Levels and vault maps discovered:
D:1:      saegor_arrival_simple_c, layout_loops_ring,
          dreamdust_ecumenical_altar_drowned_temple
D:2:      layout_loops_ring, minmay_door_square, chequers_serial_rivers_marsh,
          dk_noncrumbling_3, minmay_tall_x
D:3:      layout_rooms, amcnicky_altar_gilded, tgw_xom,
          mainiacjoe_overflow_catwalk_spiral
D:4:      layout_cave_pods, nemelex_xobeh_ov_fountains_minmay, temple_hall_moat,
          ebering_ghost_disaster_area, uniq_grinder, uniq_menkaure, uniq_robin

Skill      XL: |  1  2  3  4  5  6  7 |
---------------+----------------------+-----
Maces & Flails | 4 5 6 7 |  7.9
Fighting       | 4 5 |  5.9
Dodging        | 3 4 |  4.0
Stealth        | 1 |  1.4
Armour         | 3 |  3.3

Action                   |  1- 3 |  4- 6 |  7- 9 || total
-------------------------+-------+-------+-------++-------
Melee: Mace              |    97 |    98 |    27 ||   222
       Headbutt          |    15 |    12 |     8 ||    35
Invok: Berserk           |       |     2 |     1 ||     3
  Use: Scroll            |       |     5 |       ||     5
 Stab: Sleeping          |     1 |       |       ||     1
Armor: Animal skin       |    25 |    40 |       ||    65
       Chain mail        |       |    11 |    30 ||    41
Dodge: Dodged            |    70 |    56 |    21 ||   147

Table legend: (Time is in decaauts)
 A = Elapsed time spent in this place.
 B = Non-inter-level travel time spent in this place.
 C = Inter-level travel time spent in this place.
 D = Time resting spent in this place.
 E = Time spent auto-exploring this place.
 F = Levels seen in this place.
 G = Mean time per level.
                   A        B        C        D        E       F      G
               +--------+--------+--------+--------+--------+-----+--------+
         Total |   4160 |   4058 |    102 |    783 |   2543 |   4 | 1040.0 |
       Dungeon |   4160 |   4058 |    102 |    783 |   2543 |   4 | 1040.0 |
               +--------+--------+--------+--------+--------+-----+--------+

Top non-repeatable levels by time:
     D:2: 1283 daAuts
     D:1: 1158 daAuts
     D:3: 946 daAuts
     D:4: 772 daAuts
